AoeStats
← jhonzx11

Nomad

510159303Analyzed
3v3 RM · 4d ago on Sep 29, 2026· 39m 38s· 6 players
Game mode
Random Map
Map size
210×210
Population
200
Speed
Normal
Resources
Standard
Victory
Conquest
Starting age
Dark Age
Ending age
Imperial Age
RankedLock teamsTeams togetherTeam positionsShared explorationLock speedFull tech treeHidden civsTurbo modeCheats
Victory
Defeat
🇦🇷 Huns · Argentina
875
+16
🇸🇪 Varangians · Sweden
856
+17
🇮🇹 Teutons · Italy
828
+18
🇺🇸 Vikings · United States
933
-19
🇨🇳 Vietnamese · China
931
-19
🇻🇪 Persians · Venezuela
766
-13
villenorrman
5:21 Loom
17:41 Feudal Age
18:34 Double-Bit Axe
22:42 Castle Age
23:52 Bow Saw
24:36 Town Watch
25:26 Wheelbarrow
26:50 Ballistics
27:44 Scale Barding Armor
32:18 Pikeman
32:58 Squires
34:54 Forging
35:05 Chain Barding Armor
39:06 Imperial Age
40:27 Conscription
39:29 Gothikon
jhonzx11
15:12 Feudal Age
19:41 Castle Age
21:27 Wheelbarrow
30:57 Marauders
31:39 Double-Bit Axe
32:11 Hand Cart
34:50 Imperial Age
32:45 Husbandry
35:41 Bow Saw
35:55 Conscription
35:00 Cavalier
36:35 Forging
36:31 Scale Barding Armor
35:54 Capped Ram
Dardiburg
15:17 Feudal Age
16:35 Wheelbarrow
15:46 Double-Bit Axe
16:04 Fishing Lines
17:03 Gold Mining
25:11 Castle Age
24:46 Stone Mining
26:08 Hand Cart
26:04 Bow Saw
27:18 Man-at-Arms
30:49 Stone Shaft Mining
29:47 Long Swordsman
33:20 Loom
33:20 Town Watch
33:48 Forging
33:38 Scale Mail Armor
33:28 Fletching
33:38 Padded Archer Armor
38:48 Imperial Age
36:20 Town Patrol
37:57 Gillnets
40:52 Chemistry
40:13 Ballistics
40:04 Fortified Wall
39:59 Siege Engineers
40:05 Masonry
Neubs
robinho;
17:25 Feudal Age
18:40 Double-Bit Axe
18:54 Horse Collar
19:18 Fishing Lines
20:36 Wheelbarrow
23:12 Castle Age
22:16 Gold Mining
25:20 Gold Shaft Mining
24:47 Heavy Plow
25:04 Bow Saw
25:20 Husbandry
25:19 Pikeman
26:54 Gillnets
28:38 Thumb Ring
31:00 Squires
33:49 Elite Skirmisher
34:57 Scale Barding Armor
35:03 Forging
34:55 Scale Mail Armor
35:57 Hand Cart
1157810864
16:42 Feudal Age
18:40 Wheelbarrow
17:52 Loom
18:13 Horse Collar
18:29 Double-Bit Axe
19:08 Gold Mining
19:09 Stone Mining
26:10 Castle Age
26:26 Fletching
26:36 Padded Archer Armor
26:47 Forging
26:39 Scale Mail Armor
28:16 Hand Cart
28:39 Stone Shaft Mining
28:06 Heavy Plow
28:25 Bow Saw
27:39 Elite Skirmisher
29:19 Squires
29:39 Arson
31:18 Bodkin Arrow
35:06 Bloodlines
34:18 Light Cavalry
36:10 Husbandry
36:25 Scale Barding Armor
36:57 Iron Casting
36:42 Leather Archer Armor
Connection lost

Rejoining the realm…

Still unreachable

The connection could not be restored.

Session expired

The server has moved on; the page needs a fresh start.